 Dungeon Sprint DCSS version 0.31-a0-879-g1609e0ac53 (webtiles) character file.

Game seed: 2167796556827635647

9 sircluck the Ruffian (level 2, 0/31 HPs)
             Began as a Troll Berserker on Oct 14, 2023.
             Was a Follower of Trog.
             Slain by an ufetubus (2 damage)
             ... in the Dungeon (Sprint VII: "The Pits").
             The game lasted 00:00:39 (66 turns).

sircluck the Ruffian (Troll Berserker)                Turns: 66, Time: 00:00:39

Health: 0/31       AC:  4    Str: 24    XL:     2   Next: 3%
Magic:  1/1        EV: 10    Int:  3    God:    Trog [*.....]
Gold:   0          SH:  0    Dex:  9    Spells: 1/1 levels left

rFire   . .          .
                       - Unarmed
rCold   . . .        (no shield)
rNeg    . . .        a - +0 animal skin
rPois   .            (helmet restricted)
rElec   .            (no cloak)
rCorr   .            (gloves unavailable)
SInv    .            (boots unavailable)
Will    .....        (no amulet)
Stlth   +            (no ring)
HPRegen 1.05/turn    (no ring)
MPRegen 0.07/turn

%: no teleportation
@: no status effects
A: large, unfitting armour, claws 3, regeneration 1, shaggy fur 1, tough skin 1
a: Renounce Religion, Berserk


You were in the Dungeon.
You worshipped Trog.
Trog was aware of your devotion.
You visited 1 branch

Inventory:

Armour
 a - a +0 animal skin (worn)
Scrolls
 g - a scroll of blinking
Potions
 b - a potion of curing
 c - a potion of heal wounds
 d - a potion of haste
 e - 2 potions of magic
 f - a potion of berserk rage


   Skills:
 + Level 3.1 Fighting
 + Level 3.1 Dodging
 + Level 3.8 Unarmed Combat


You had one spell level left.
You didn't know any spells.
Your spell library was empty.

Dungeon Overview and Level Annotations

Branches:
Dungeon (1/1)

Altars:


Innate Abilities, Weirdness & Mutations

You are too large for most types of armour.
You have claws for hands.
Your natural rate of healing is unusually fast.
You are covered in fur. (AC +1)
You have tough skin. (AC +1)


Message History

The ufetubus hits you but does no damage.
The ufetubus misses you. The ufetubus hits you.
The ufetubus hits you but does no damage.
The ufetubus hits you. The ufetubus closely misses you.
The ufetubus barely misses you. The ufetubus closely misses you.
The ufetubus closely misses you.
The ufetubus hits you but does no damage.
The ufetubus hits you.
The ufetubus hits you but does no damage.
The ufetubus barely misses you. x2
The ufetubus barely misses you. The ufetubus hits you.
The ufetubus closely misses you. x2
The ufetubus hits you but does no damage.
The ufetubus hits you. The ufetubus hits you.
* * * LOW HITPOINT WARNING * * *
The ufetubus hits you but does no damage.
The ufetubus hits you.
* * * LOW HITPOINT WARNING * * *
The ufetubus barely misses you. x3
The ufetubus hits you but does no damage. x2
The ufetubus hits you.
* * * LOW HITPOINT WARNING * * *
The ufetubus closely misses you. The ufetubus hits you.
* * * LOW HITPOINT WARNING * * *
The ufetubus completely misses you. The ufetubus hits you.
* * * LOW HITPOINT WARNING * * *
The ufetubus misses you.
The ufetubus hits you but does no damage. x2
The ufetubus barely misses you. The ufetubus hits you.
* * * LOW HITPOINT WARNING * * *
The ufetubus hits you but does no damage.
The ufetubus closely misses you. The ufetubus barely misses you.
The ufetubus hits you.
* * * LOW HITPOINT WARNING * * *
The ufetubus closely misses you. The ufetubus barely misses you.
The ufetubus barely misses you. The ufetubus hits you.
You die...

##########++
#+##...........
+.##......#..#.
##########.##...........
#......@...†'...........
#+#####5#####......#..#.
.g# #........... +..#
####'#####++ ####
#.......# #.......#
#.......# #...<...#
#.......#


You could see a gnoll and an ufetubus.

Vanquished Creatures
  A river rat (D)
1 creature vanquished.

Notes
Turn   | Place    | Note
-------+----------+-------------------------------------------
     0 | D        | sircluck the Troll Berserker began the quest for the Orb.
     0 | D        | Reached XP level 1. HP: 22/22 MP: 0/0
    17 | D        | Reached XP level 2. HP: 31/31 MP: 1/1
    63 | D        | HP: 1/31 [ufetubus (2)]
    66 | D        | Slain by an ufetubus

Illustrated notes

Levels and vault maps discovered:
D:        pitsprint [storerooms_1, entrance_room_1, metal_vault_4, armoury_3,
          mini_pit_1, grid_room_1, main_hall_1, silver_pit, the_coven_1,
          the_vestibule_1, steel_vault_1, golden_pit, hallway_of_sentries,
          crystal_vault_4, iron_vault_2, final_vault]

Skill      XL: |  1 |
---------------+----+-----
Fighting       | 3 |  3.1
Dodging        | 3 |  3.1
Unarmed Combat | |  3.8

Action                     || total
---------------------------++-------
  Melee: Unarmed           ||     4
         Punch             ||     1
 Armour: Animal skin       ||    71
  Dodge: Dodged            ||    62

Table legend: (Time is in decaauts)
 A = Elapsed time spent in this place.
 B = Non-inter-level travel time spent in this place.
 C = Inter-level travel time spent in this place.
 D = Time resting spent in this place.
 E = Time spent auto-exploring this place.
 F = Levels seen in this place.
 G = Mean time per level.
                   A        B        C        D        E       F      G
               +--------+--------+--------+--------+--------+-----+--------+
         Total |     65 |     65 |      0 |      0 |      0 |   1 |   65.0 |
       Dungeon |     65 |     65 |      0 |      0 |      0 |   1 |   65.0 |
               +--------+--------+--------+--------+--------+-----+--------+

Top non-repeatable levels by time:
       D: 65 daAuts
